cohdb
Replays
Latest Replays
All Replays
Popular Replays
Top Player Replays
Match Explorer
How It Works
Community
CoH3 Stats
Reddit
Sign in to upload your games and track your stats! →
Sign in with Steam
Match 45454664
Unlisted
Match 45454664
Overview
Messages
Build Orders
End
Selects Special Operations Battlegroup
Selects M29 Weasel Recon Vehicle
M29 Weasel Recon Vehicle
Construct Barracks
Riflemen Squad
Riflemen Squad
Grenade Package
Riflemen Squad
Mechanized Support Center
Construct Motor Pool
Selects Smoke Screen
M1 Anti-tank Gun Team
M8 Greyhound Armored Car
Designate Forward Repair Station
Construct Medical Station
Improvised Armor
M1918 Browning Automatic Rifles
Selects P-47 Anti-Infantry Loiter
M1 Anti-tank Gun Team
Engineer Squad
Smoke Screen
M1 Mortar Team
Construct Tank Depot
Smoke Screen
Selects UNKNOWN (2162291)
M4A1 Sherman Medium Tank
Selects SSF Commando Squad
Selects Assault Operation
M4A1 76mm Conversion
M4A1(76) Sherman Medium Tank
Designate Forward Repair Station
Polka_Pete
_
0
0
Comments
sign in to comment!
No comments posted yet!